Map: Ulzaan

Players

Matt

  • Race: Protoss Protoss
  • Spawn Location: 1:00

Tom

  • Race: Zerg Zerg
  • Spawn Location: 3:00

OpuS - Winner!

  • Race: Protoss Protoss
  • League: Platinum
  • Spawn Location: 9:00

Sketchaphone - Winner!

  • Race: Zerg Zerg
  • League: Platinum
  • Spawn Location: 11:00

VOD

Have the link to the VOD?

Description

Time

  • Played on: Feb. 26, 2019, 8:33 p.m.
  • Length: 10:31
Show
View Real Time Build Order
Export as new Build Order

Matt Protoss 

Build Orders:  

Get SALT Encoding   

  12  0:04  Probe  
  13  0:18  Pylon, Probe  
  14  0:30  Probe  
  15  0:40  Gateway  
  15  0:42  Probe  
  16  0:54  Probe, Assimilator  
  17  1:04  Assimilator  
  17  1:06  Probe  
  18  1:19  Probe  
  19  1:28  Cybernetics Core  
  19  1:31  Probe  
  19  1:32  Gateway  
  20  1:42  Pylon  
  20  1:43  Probe  
  20  1:46  Warp Gate  
  21  1:55  Probe  
  21  1:58  Gateway  
  22  2:07  Probe  
  23  2:19  Probe  
  23  2:21  Twilight Council  
  24  2:28  Pylon  
  24  2:42  Charge  
  24  2:52  Nexus  
  24  3:09  Gateway  
  24  3:13  Probe  
  24  3:35  Zealot x3  
  24  4:04  Zealot x3  
  28  4:17  Zealot  
  30  4:25  Zealot x2  
  29  4:44  Probe  
  30  5:01  Stalker  
  30  5:05  Probe  
  33  5:07  Probe  
  34  5:20  Probe  
  34  5:21  Forge  
  34  5:23  Probe  
  36  5:28  Probe  
  36  5:31  Probe  
  38  5:37  Probe  
  38  5:42  Pylon  
  36  5:56  Photon Cannon  
  36  6:02  Probe x2  
  38  6:13  Probe x2  
  38  6:18  Photon Cannon  
  40  6:21  Probe x2  
  41  6:29  Probe  
  41  6:30  Probe  
  42  6:36  Zealot  
  46  6:43  Stalker  
  48  6:47  Probe  
  48  6:48  Probe  
  50  6:54  Stalker  
  50  6:58  Stalker  
  54  7:06  Sentry  
  56  7:08  Stalker  
  56  7:12  Probe x2  
  60  7:21  Stalker  
  52  7:32  Zealot  
  52  7:33  Zealot x2  
  57  7:54  Stalker x2  
  61  8:04  Pylon  
  54  8:06  Pylon  
  54  8:09  Probe x2  
  54  8:12  Protoss Ground Weapons Level 1  
  56  8:19  Robotics Facility  
  56  8:21  Probe  
  56  8:22  Probe  
  58  8:27  Stargate  
  58  8:30  Stargate  
  58  8:33  Probe  
  47  8:59  Probe x2  
  49  9:11  Probe  
  49  9:14  Probe  
  49  9:15  Assimilator  
  49  9:16  Nexus  
  51  9:20  Probe  
  51  9:22  Probe, Assimilator  
  52  9:28  Probe  
  52  9:30  Probe  
  52  9:31  Stalker  
  55  9:33  Stalker  
  59  9:42  Void Ray  
  56  9:49  Zealot  
  56  9:50  Zealot  
  60  10:10  Stalker  
  60  10:11  Stalker x2  
Show
View Real Time Build Order
Export as new Build Order

Tom Zerg 

Build Orders: Pool First 

Get SALT Encoding   

  12  0:02  Drone  
  13  0:08  Drone  
  14  0:31  Spawning Pool, Drone  
  14  0:37  Overlord  
  14  0:53  Drone, Extractor  
  14  0:55  Drone  
  14  0:56  Drone  
  17  1:04  Drone  
  17  1:15  Drone  
  18  1:25  Drone  
  18  1:30  Extractor  
  18  1:32  Queen  
  20  1:36  Drone  
  21  1:46  Overlord  
  21  1:57  Drone  
  22  2:08  Lair  
  22  2:10  Drone  
  23  2:27  Hatchery  
  22  2:36  Drone x2  
  24  2:41  Drone  
  24  2:42  Drone x2  
  24  2:43  Drone  
  28  2:53  Drone  
  29  3:05  Drone  
  30  3:28  Extractor x2  
  30  3:30  Zergling x4  
  30  3:33  Spine Crawler  
  29  3:43  Zergling x2  
  29  3:44  Zergling x6  
  32  3:59  Zergling x2  
  32  4:00  Zergling x6  
  34  4:09  Metabolic Boost  
  34  4:11  Spine Crawler, Zergling x4  
  34  4:27  Hydralisk Den  
  34  4:28  Drone x2  
  35  4:38  Spore Crawler  
  34  4:42  Spore Crawler  
  24  4:56  Drone  
  25  5:04  Drone  
  26  5:10  Drone  
  28  5:14  Drone  
  28  5:19  Drone  
  29  5:23  Drone  
  29  5:27  Drone  
  31  5:33  Drone  
  31  5:34  Drone  
  33  5:43  Queen  
  35  6:01  Overlord  
  35  6:02  Overlord x2  
  35  6:06  Drone  
  36  6:12  Lurker Den  
  36  6:14  Overlord  
  24  6:42  Hydralisk x4  
  28  7:28  Hydralisk  
  30  7:38  Lurker  
  30  7:39  Lurker  
  32  7:49  Hydralisk  
  18  8:12  Drone x2  
  20  8:13  Drone x2  
  22  8:21  Hydralisk Den  
  21  8:39  Lurker  
  22  8:42  Drone x3  
  25  8:55  Hatchery  
  25  9:01  Hydralisk  
  26  9:13  Drone  
  26  9:14  Drone  
  28  9:30  Drone  
  29  9:35  Spine Crawler  
  28  9:39  Spine Crawler  
  27  9:59  Hydralisk  
Show
View Real Time Build Order
Export as new Build Order

OpuS Protoss - Winner!

Build Orders: Oracle Opening 

Get SALT Encoding   

  12  0:00  Probe  
  13  0:13  Probe  
  14  0:20  Pylon  
  14  0:25  Probe  
  15  0:38  Probe  
  16  0:44  Gateway  
  16  0:47  Probe  
  16  0:55  Assimilator  
  16  0:56  Probe  
  17  0:59  Assimilator  
  18  1:06  Probe  
  19  1:19  Gateway  
  19  1:20  Probe  
  20  1:33  Zealot  
  20  1:35  Pylon  
  22  1:44  Probe  
  23  1:52  Cybernetics Core  
  23  1:56  Probe  
  23  1:58  Pylon  
  24  2:04  Zealot  
  24  2:06  Zealot  
  26  2:14  Probe  
  28  2:28  Warp Gate  
  28  2:33  Stargate  
  28  2:39  Probe  
  29  3:06  Nexus  
  29  3:09  Pylon  
  29  3:18  Oracle  
  32  3:27  Twilight Council  
  32  3:42  Probe  
  33  3:54  Probe  
  34  3:56  Pylon  
  34  3:58  Pylon  
  34  4:05  Void Ray  
  34  4:19  Probe x2  
  34  4:32  Probe x2  
  36  4:44  Zealot x2, Probe x2  
  42  4:58  Probe x2  
  44  5:00  Charge  
  44  5:04  Robotics Facility  
  44  5:07  Gateway  
  44  5:10  Probe  
  45  5:19  Probe  
  46  5:22  Pylon  
  46  5:24  Zealot x2  
  50  5:28  Dark Shrine  
  50  5:36  Probe x2  
  52  5:52  Probe  
  52  5:53  Zealot x2, Probe  
  52  5:56  Assimilator  
  58  6:00  Assimilator  
  58  6:02  Templar Archives  
  58  6:05  Robotics Bay  
  58  6:08  Zealot  
  58  6:09  Probe  
  58  6:10  Probe  
  62  6:15  Pylon  
  62  6:22  Zealot x2  
  62  6:24  Probe x2  
  68  6:30  Zealot  
  70  6:36  Probe x2  
  72  6:42  Psionic Storm  
  72  6:48  Probe x2  
  72  6:53  Extended Thermal Lance  
  74  6:55  Forge  
  74  7:14  Probe x2  
  76  7:26  Zealot x2  
  76  7:27  Zealot  
  82  7:30  Gateway  
  82  7:33  Protoss Ground Weapons Level 1  
  82  7:34  Gateway  
  82  7:37  Gateway  
  82  7:39  Colossus  
  82  7:41  Gateway  
  82  7:42  Gateway  
  82  7:44  Nexus  
  78  7:57  Pylon  
  84  8:31  Probe x2  
  84  8:33  Observer  
  87  8:38  Dark Templar x3  
  87  8:39  Dark Templar x4  
  97  8:59  Pylon  
  97  9:01  Pylon  
  97  9:04  Pylon  
  97  9:08  High Templar  
  99  9:11  High Templar, Zealot  
  99  9:12  Zealot x5  
  99  9:14  Probe  
  99  9:16  Archon  
  114  9:21  Probe x2  
  116  9:26  Probe  
  117  9:33  Probe  
  122  10:10  Zealot x2  
  122  10:11  Zealot x6  
  122  10:12  Probe  
  122  10:13  Probe x2  
  137  10:16  Assimilator  
  137  10:21  Assimilator  
  135  10:23  Gateway  
  135  10:25  Gateway  
  135  10:27  Gateway  
  134  10:29  Gateway  
Show
View Real Time Build Order
Export as new Build Order

Sketchaphone Zerg - Winner!

Build Orders: Hatch First 

Get SALT Encoding   

  12  0:01  Drone  
  13  0:13  Overlord  
  13  0:21  Drone  
  14  0:23  Extractor  
  14  0:24  Drone  
  15  0:33  Drone  
  15  0:34  Drone  
  17  0:57  Hatchery  
  16  0:59  Drone  
  16  1:03  Drone  
  18  1:09  Extractor  
  17  1:26  Spawning Pool  
  16  1:40  Drone  
  16  1:41  Overlord, Drone  
  18  2:15  Metabolic Boost  
  18  2:16  Spine Crawler  
  18  2:17  Queen  
  19  2:24  Zergling x4  
  19  2:26  Drone  
  22  2:31  Spine Crawler  
  22  2:33  Zergling x2  
  22  2:39  Zergling x4  
  24  2:51  Drone  
  25  2:59  Drone  
  25  3:00  Baneling Nest  
  25  3:08  Queen  
  25  3:11  Drone  
  28  3:29  Drone x5  
  30  3:57  Drone x2  
  30  3:59  Lair  
  30  4:01  Overlord, Drone  
  33  4:14  Drone  
  33  4:18  Drone x3  
  33  4:19  Overlord  
  36  4:33  Queen  
  36  4:36  Hatchery  
  36  4:37  Overlord  
  37  4:42  Extractor  
  36  4:46  Evolution Chamber  
  36  4:47  Zergling x4  
  36  4:48  Evolution Chamber  
  36  4:59  Centrifical Hooks  
  36  5:07  Overlord  
  36  5:16  Queen  
  36  5:21  Spore Crawler, Drone x3  
  40  5:31  Baneling  
  40  5:32  Baneling x2  
  40  5:33  Zergling x6  
  43  5:39  Zerg Melee Weapons Level 1  
  42  5:47  Drone x2  
  44  5:51  Drone x2  
  44  5:52  Drone x2  
  48  6:00  Zerg Ground Armor Level 1  
  48  6:01  Zergling x2  
  49  6:04  Zergling x2  
  49  6:06  Drone  
  51  6:12  Baneling x3  
  51  6:13  Baneling  
  51  6:16  Drone  
  51  6:17  Drone x3  
  55  6:24  Zergling x8  
  57  6:35  Zergling x10  
  57  6:36  Baneling  
  57  6:37  Baneling  
  57  6:38  Zergling x4  
  64  6:45  Zergling x8  
  68  6:51  Baneling x2  
  68  6:52  Baneling  
  68  6:56  Zergling x10  
  73  7:03  Burrow  
  69  7:22  Baneling x7  
  65  7:24  Zergling x18  
  74  7:35  Extractor  
  74  7:36  Drone  
  74  7:37  Extractor  
  74  7:40  Overlord x3  
  73  7:45  Overlord  
  73  7:46  Drone  
  62  8:13  Baneling x7  
  62  8:22  Drone  
  62  8:23  Drone x11  
  74  8:48  Extractor  
  66  8:49  Extractor  
  66  8:51  Zergling x12, Hatchery  
  66  8:54  Overseer  
  64  8:57  Pneumatized Carapace  
  64  9:02  Nydus Network  
  63  9:12  Overseer  
  63  9:21  Spire  
  61  9:38  Baneling  
  61  9:39  Baneling  
  61  9:40  Baneling x8  
  61  9:42  Zergling x12  
  61  9:43  Zergling x10  
  72  9:47  Drone x3  
  69  10:21  Nydus Canal  
Tags
 
Add a new tag
Caveats
  • Supply blocks, unpowered buildings, or Contaminate may cause inaccurate times.
  • Supply counts are checked every 10 seconds.